General information
- name: BNet
- type: Ladder team game (AT/RT)
- host: Battle.net
- saver: OMGWRECKINSHOP
map: Goldshire
- players: 4
- length: 10:38
- speed: Fast
- version: 1.24 W3XP
- replay type: Public
» download(71 KB)
Players
team 1 (loser)
Anonymou (
teal | 117 APM | 1233 actions | 10:32)
3 Demon Hunter
2 Mana Burn
1 Evasion
1 Priestess of the Moon
1 Trueshot Aura
» actions
| Assign group hotkey | 37 | |
| Basic commands | 137 | |
| Build / train | 37 | |
| ESC pressed | 5 | |
| Enter build submenu | 11 | |
| Enter hero's abilities submenu | 5 | |
| Give item / drop item | 1 | |
| Right click | 478 | |
| Select / deselect | 269 | |
| Select group hotkey | 215 | |
| Use ability | 38 | |
1233 total
» units
| Wisp | 15 | |
| Huntress | 6 | |
| Dryad | 4 | |
| Archer | 1 | |
26 total
» buildings
| Altar of Elders | 1 | |
| Moon Well | 5 | |
| Hunter's Hall | 1 | |
| Ancient of War | 2 | |
| Tree of Ages | 1 | |
| Ancient of Lore | 2 | |
12 total
» build order
00:05 Altar of Elders
00:19 Moon Well
01:42 Hunter's Hall
01:43 Ancient of War
01:53 Moon Well
02:15 Ancient of War
03:04 Moon Well
04:17 Tree of Ages
05:56 Moon Well
06:46 Ancient of Lore
06:46 Ancient of Lore
08:46 Moon Well
» items
| Scroll of Protection | 1 | |
| Scroll of Healing | 1 | |
2 total
Don_Piton (
pink | 85 APM | 899 actions | 10:37)
3 Death Knight
2 Death Coil
1 Unholy Aura
1 Lich
1 Frost Nova
» actions
| Assign group hotkey | 41 | |
| Build / train | 42 | |
| Enter build submenu | 11 | |
| Enter hero's abilities submenu | 4 | |
| Remove unit from queue | 4 | |
| Right click | 399 | |
| Select / deselect | 180 | |
| Select group hotkey | 175 | |
| Use ability | 43 | |
899 total
» units
| Acolyte | 2 | |
| Ghoul | 2 | |
| Crypt Fiend | 11 | |
| Obsidian Statue | 2 | |
17 total
» upgrades
| Burrow | 1 | |
| Web | 1 | |
| Creature Attack | 1 | |
3 total
» buildings
| Crypt | 1 | |
| Graveyard | 1 | |
| Altar of Darkness | 1 | |
| Ziggurat | 4 | |
| Tomb of Relics | 1 | |
| Nerubian Tower | 2 | |
| Halls of the Dead | 2 | |
| Slaughterhouse | 1 | |
| Black Citadel | 1 | |
| Spirit Tower | 1 | |
15 total
» build order
00:10 Crypt
00:12 Graveyard
00:23 Altar of Darkness
00:40 Ziggurat
01:06 Tomb of Relics
01:48 Ziggurat
02:16 Nerubian Tower
02:16 Nerubian Tower
03:37 Halls of the Dead
04:07 Ziggurat
05:26 Ziggurat
06:12 Slaughterhouse
07:35 Black Citadel
08:56 Spirit Tower
» items
| Rod of Necromancy | 2 | |
| Potion of Healing | 1 | |
3 total
team 2 (winner)
GOAWAYHACKERFEG (
purple | 153 APM | 1630 actions | 10:38)
2 Blademaster
1 Wind Walk
1 Critical Strike
2 Shadow Hunter
1 Hex
1 Healing Wave
» actions
| Assign group hotkey | 16 | |
| Basic commands | 149 | |
| Build / train | 34 | |
| Enter build submenu | 13 | |
| Enter hero's abilities submenu | 4 | |
| Give item / drop item | 1 | |
| Right click | 615 | |
| Select / deselect | 141 | |
| Select group hotkey | 618 | |
| Use ability | 39 | |
1630 total
» units
» buildings
| Altar of Storms | 1 | |
| Orc Burrow | 5 | |
| Barracks | 1 | |
| Voodoo Lounge | 1 | |
| Stronghold | 1 | |
| Beastiary | 3 | |
12 total
» build order
00:07 Altar of Storms
00:19 Orc Burrow
00:36 Barracks
01:29 Orc Burrow
01:53 Voodoo Lounge
03:07 Stronghold
04:36 Orc Burrow
05:31 Beastiary
05:34 Beastiary
05:36 Beastiary
07:43 Orc Burrow
10:27 Orc Burrow
» items
| Healing Salve | 3 | |
| Lesser Clarity Potion | 2 | |
| Scroll of Speed | 2 | |
| Boots of Speed | 1 | |
| Circlet of Nobility | 1 | |
| Potion of Healing | 1 | |
10 total
OMGWRECKINSHOP (
orange | 132 APM | 1408 actions | 10:38)
4 Death Knight
2 Death Coil
1 Unholy Aura
1 Death Pact
2 Lich
1 Frost Nova
1 Frost Armor
» actions
| Assign group hotkey | 23 | |
| Build / train | 32 | |
| Enter build submenu | 10 | |
| Enter hero's abilities submenu | 6 | |
| Right click | 942 | |
| Select / deselect | 163 | |
| Select group hotkey | 165 | |
| Use ability | 67 | |
1408 total
» units
| Acolyte | 2 | |
| Ghoul | 2 | |
| Crypt Fiend | 8 | |
12 total
» upgrades
» buildings
| Graveyard | 1 | |
| Crypt | 1 | |
| Altar of Darkness | 1 | |
| Ziggurat | 4 | |
| Tomb of Relics | 1 | |
| Halls of the Dead | 1 | |
| Black Citadel | 1 | |
| Slaughterhouse | 1 | |
11 total
» build order
00:07 Graveyard
00:11 Crypt
00:40 Altar of Darkness
00:55 Ziggurat
01:28 Tomb of Relics
01:58 Ziggurat
03:59 Halls of the Dead
04:28 Ziggurat
08:32 Black Citadel
08:36 Slaughterhouse
09:26 Ziggurat
» items
| Rod of Necromancy | 3 | |
| Dust of Appearance | 1 | |
4 total
Chat log
(00:29 / Allies) OMGWRECKINSHOP: eww
(00:38 / Allies) GOAWAYHACKERFEG: ?
(01:01 / Allies) OMGWRECKINSHOP: they r good
(01:22 / Allies) OMGWRECKINSHOP: 26-6 rt
(01:22 / Allies) OMGWRECKINSHOP: O.o
(06:10 / Allies) OMGWRECKINSHOP: k
(06:11 / Allies) GOAWAYHACKERFEG: go check
(06:13 / Allies) OMGWRECKINSHOP: gimme a hea
(06:15 / Allies) OMGWRECKINSHOP: andclarity
(06:16 / Allies) OMGWRECKINSHOP: pz
(08:24 / Allies) GOAWAYHACKERFEG: omw
(08:31 / Allies) GOAWAYHACKERFEG: go
(08:46 / Allies) OMGWRECKINSHOP: his dk dead
(09:21 / Allies) OMGWRECKINSHOP: ao
(09:38 / Allies) GOAWAYHACKERFEG: alter
(10:28 / All) Anonymou: I